 Dungeon Crawl Stone Soup version 0.16.1-30-g34a7ffa (webtiles) character file.

47 hannobal the Poker (level 3, 0/27 HPs)
             Began as a Human Warper on July 1, 2015.
             Was an Initiate of Ru.
             Succumbed to an adder's poison
             ... on level 2 of the Dungeon.
             The game lasted 00:06:19 (1937 turns).

hannobal the Poker (Human Warper)                   Turns: 1937, Time: 00:06:19

Health: 0/27       AC:  5    Str: 12    XL:     3   Next: 97%
Magic:  5/6        EV: 12    Int: 13    God:    Ru [......]
Gold:   48         SH:  0    Dex: 12    Spells: 2 memorised, 3 levels left

rFire  . . .     SeeInvis .     a - +0 spear
rCold  . . .     Clarity  .     b - +0 leather armour
rNeg   . . .     SustAb   .     (no shield)
rPois  .         Gourm    .     l - +0 helmet
rElec  .         Spirit   .     (no cloak)
rCorr  .         Warding  .     (no gloves)
rMut   .         Stasis   .     n - +0 pair of boots (curse)
MR     .....                    (no amulet)
Stlth  +.........               (no ring)
                                (no ring)

@: lethally poisoned (0 -> -14), not resistant to hostile enchantments, very
unstealthy
A: no striking features
a: Renounce Religion


You were on level 2 of the Dungeon.
You worshipped Ru.
Ru was noncommittal.
You were very hungry.

You visited 1 branch of the dungeon, and saw 2 of its levels.

You collected 48 gold pieces.

Inventory:

Hand weapons
 a - a +0 spear (weapon)
 g - a +0 hunting sling
 h - a +0 mace
Missiles
 e - 77 stones
 i - 40 sling bullets
 m - 4 tomahawks of dispersal (quivered)
Armour
 b - a +0 leather armour (worn)
 l - a +0 helmet (worn)
 n - a cursed +0 pair of boots (worn)
Scrolls
 d - 2 scrolls of blinking
 j - 2 scrolls of identify
Books
 c - a book of Spatial Translocations

   Spells                             Type                      Level
   a - Apportation                    Translocation                1
   b - Blink                          Translocation                2
   c - Shroud of Golubria             Charms/Translocation         2
   d - Portal Projectile              Translocation                3
   e - Teleport Other                 Translocation                3
   f - Passage of Golubria            Translocation                4
Comestibles
 f - a bread ration
 k - 2 meat rations


   Skills:
 - Level 2.0 Fighting
 + Level 3.9 Polearms
 - Level 1.0 Throwing
 - Level 1.0 Armour
 - Level 2.0 Dodging
 - Level 2.0 Spellcasting
 - Level 3.0 Translocations


You had 3 spell levels left.
You knew the following spells:

 Your Spells              Type           Power        Failure   Level  Hunger
a - Apportation           Tloc           #.........   12%         1    ##.....
b - Blink                 Tloc           N/A          14%         2    ###....


Dungeon Overview and Level Annotations

Branches:
Dungeon (2/15)

Altars:
Ashenzari
Cheibriados
Elyvilon
Gozag
Ru
Sif Muna

Annotations:
D:1 scary vault, 3x big kobold, 2 exclusions


Message History

The adder is almost dead.
* * * LOW HITPOINT WARNING * * *
You feel sick. The adder bites you.
* * * LOW HITPOINT WARNING * * *
You are more poisoned.
The adder poisons you!
You hit the adder but do no damage.
The adder is almost dead.
* * * LOW HITPOINT WARNING * * *
You feel sick. The adder barely misses you.
You hit the adder.
You kill the adder!
* * * LOW HITPOINT WARNING * * *
You feel sick.
You aren't carrying any potions.
Read which item? (? for menu, Esc to quit)
Okay, then.
* * * LOW HITPOINT WARNING * * *
You feel sick.
You die...

######### #.......# #......>#
#.......# ##### #.......##
#...# ##.......>######...#
#..................##
###......@.######.....#
#..........# #.....#
....#.......######.....#
#....................##
##.############.......##
....... ........###....#...
#....#.#####..................
#.........#..........######...
#....................#########


There were no monsters in sight!

Vanquished Creatures
  An adder (D:2)
  A worm (D:2)
  A giant gecko (D:2)
  An ooze (D:2)
  9 bats
  2 hobgoblins
  3 ball pythons
  3 giant newts
  4 goblins
  2 kobolds (D:2)
  A quokka (D:2)
  5 rats (D:1)
33 creatures vanquished.

Notes
Turn   | Place    | Note
--------------------------------------------------------------
     0 | D:1      | hannobal, the Human Warper, began the quest for the Orb.
     0 | D:1      | Reached XP level 1. HP: 16/16 MP: 3/3
   128 | D:1      | Found a shattered altar of Ashenzari.
   128 | D:1      | Found a deep blue altar of Sif Muna.
   128 | D:1      | Noticed a big kobold
   128 | D:1      | Noticed a big kobold
   129 | D:1      | Noticed a big kobold
   129 | D:1      | Noticed a big kobold
   371 | D:1      | Reached XP level 2. HP: 22/22 MP: 4/4
   375 | D:1      | Learned a level 2 spell: Blink
  1405 | D:2      | Reached XP level 3. HP: 25/27 MP: 6/6
  1673 | D:2      | Found an opulent altar of Gozag.
  1771 | D:2      | Found a white marble altar of Elyvilon.
  1843 | D:2      | Found a snail-covered altar of Cheibriados.
  1848 | D:2      | Found a sacrificial altar of Ru.
  1852 | D:2      | Became a worshipper of Ru the Awakened
  1937 | D:2      | Succumbed to an adder's poison

Action                   || total
-------------------------++-------
Melee: Spear             ||   143
Throw: Stone             ||     5
       Tomahawk          ||     1
 Cast: Blink             ||     1
  Use: Scroll            ||     3
       Potion            ||     1
 Stab: Sleeping          ||     1
  Eat: Chunk             ||     2
